 Dungeon Crawl Stone Soup version 0.31.0-12-g77e489cdc1 (webtiles) character file.

Game seed: 5812606858353582940

1195 Setanta the Shield-Bearer (level 8, -10/67 HPs)
             Began as a Gnoll Fighter on Feb 24, 2024.
             Mangled by a hornet (12 damage)
             ... while paralysed by a hornet
             ... on level 6 of the Dungeon.
             The game lasted 00:08:54 (3916 turns).

Setanta the Shield-Bearer (Gnoll Fighter)           Turns: 3916, Time: 00:08:55

Health: -10/67     AC: 12    Str: 17    XL:     8   Next: 44%
Magic:  11/11      EV:  2    Int:  7    God:
Gold:   340        SH:  0    Dex: 13    Spells: 13/13 levels left

rFire   . . .        a - +0 war axe
rCold   . . .        c - +0 buckler
rNeg    . . .        b - +0 scale mail
rPois   .            j - +0 helmet
rElec   .            q - +0 cloak
rCorr   .            p - +0 pair of gloves
SInv    .            (no boots)
Will    .....        (no amulet)
Stlth   +            e - ring of wizardry
HPRegen 0.31/turn    (no ring)
MPRegen 0.12/turn

%: wizardry (x1)
@: paralysed, lethally poisoned (-10 -> -22), slowed
A: fangs 1, strong nose, distributed training, hooves 1, low MP 1
a: no special abilities


You were on level 6 of the Dungeon.
You visited 1 branch of the dungeon, and saw 6 of its levels.

You collected 340 gold pieces.

Inventory:

Hand Weapons
 a - a +0 war axe (weapon)
 d - a +1 flail of protection
 m - a +0 heavy hand axe
Missiles
 h - 3 poisoned darts (quivered)
Armour
 b - a +0 scale mail (worn)
 c - a +0 buckler (worn)
 j - a +0 helmet (worn)
 p - a +0 pair of gloves (worn)
 q - a +0 cloak (worn)
Jewellery
 e - a ring of wizardry (left hand)
Wands
 v - a wand of polymorph (13)
Scrolls
 f - a scroll of immolation
 g - a scroll of blinking
 i - 3 scrolls of teleportation
 k - a scroll of silence
 r - a scroll of fog {unknown}
 t - a scroll of fear
Potions
 l - a potion of curing
 o - a potion of lignification
 s - a potion of ambrosia


   Skills:
 + Level 7.4 Fighting
 + Level 3.4 Short Blades
 + Level 3.4 Long Blades
 + Level 5.7 Axes
 + Level 3.4 Maces & Flails
 + Level 3.4 Polearms
 + Level 3.4 Staves
 + Level 3.4 Ranged Weapons
 + Level 3.4 Throwing
 + Level 7.4 Armour
 + Level 3.4 Dodging
 + Level 3.4 Stealth
 + Level 7.4 Shields
 + Level 3.4 Unarmed Combat
 + Level 3.4 Spellcasting
 + Level 2.7 Conjurations
 + Level 2.7 Hexes
 + Level 2.7 Summonings
 + Level 2.7 Necromancy
 + Level 2.7 Translocations
 + Level 2.7 Fire Magic
 + Level 2.7 Ice Magic
 + Level 2.7 Air Magic
 + Level 2.7 Earth Magic
 + Level 2.7 Alchemy
 + Level 3.7 Invocations
 + Level 3.4 Evocations
 + Level 3.1 Shapeshifting


You had 13 spell levels left.
You didn't know any spells.
Your spell library contained the following spells:

 Spells                   Type           Power      Damage    Failure   Level
 Slow                     Hex            20%        N/A       16%         1
 Confusing Touch          Hex            5%         N/A       41%         3
 Sigil of Binding         Hex            5%         N/A       41%         3
 Vampiric Draining        Necr           5%         2d6       41%         3


Dungeon Overview and Level Annotations

Branches:
Dungeon (6/15)
 Temple: D:4-7

Altars:
Ashenzari
Okawaru
Sif Muna
Trog
Yredelemnul

Shops:
D:2 ?


Innate Abilities, Weirdness & Mutations

You have very sharp teeth.
Your uncanny sense of smell can sniff out nearby items.
Your experience applies equally to all skills.
You have large cloven feet.
Your magical capacity is low. (-10% MP)


Message History

The ufetubus hits you. The ufetubus barely misses you. The hornet stings you.
You feel as though you will be slow longer.
The ufetubus hits you but does no damage.
The ufetubus barely misses you. The hornet stings you.
You are poisoned.
You feel as though you will be slow longer.
You slash the hornet! Your kick misses the hornet.
The hornet is heavily wounded.
You barely miss the ufetubus.
You feel very sick. The ufetubus hits you.
* * * LOW HITPOINT WARNING * * *
You block the ufetubus's attack. The hornet barely misses you.
You block the ufetubus's attack. The ufetubus misses you.
The hornet stings you but does no damage.
The ufetubus hits you but does no damage.
The ufetubus misses you. The hornet stings you!
* * * LOW HITPOINT WARNING * * *
You are lethally poisoned!
You feel as though you will be slow longer.
You feel better. You block the ufetubus's attack. The ufetubus misses you.
You block the hornet's attack.
The ufetubus hits you but does no damage. x2
The hornet stings you!
* * * LOW HITPOINT WARNING * * *
You feel as though you will be slow longer.
Unknown command.
You completely miss the hornet.
The hornet is heavily wounded.
You miss the ufetubus. The ufetubus barely misses you.
You block the ufetubus's attack. You block the hornet's attack.
The ufetubus hits you but does no damage. x2
The hornet stings you!
* * * LOW HITPOINT WARNING * * *
You are lethally poisoned!
You suddenly lose the ability to move!
The ufetubus barely misses you. The ufetubus hits you.
* * * LOW HITPOINT WARNING * * *
The hornet stings you!
You die...

....##...
##.......##.
..........
##.......#
#........####
#............
#....5y......
#....@.......
#...##.......
#...#......##
#...#......#
########...#......##
....................
#.######...#......##
###.#......#
#..<#...


You could see a hornet and an ufetubus.

Vanquished Creatures
  Grinder (D:4)
  A water moccasin (D:5)
  A black bear (D:5)
  An ogre (D:4)
  A phantom (D:4)
  2 scorpions (D:4)
  A bombardier beetle (D:5)
  3 hounds (D:5)
  A jelly (D:5)
  2 orc priests
  A gnoll bouda (D:4)
  Terence (D:2)
  An iguana (D:5)
  An orc wizard (D:5)
  6 adders
  5 gnolls
  An ufetubus (D:6)
  A ribbon worm (D:2)
  4 dart slugs
  16 orcs
  7 endoplasms
  4 giant cockroaches
  2 goblins
  6 hobgoblins
  4 quokkas
  4 ball pythons
  8 bats
  2 frilled lizards
  9 kobolds
  4 rats
101 creatures vanquished.

Notes
Turn   | Place    | Note
-------+----------+-------------------------------------------
     0 | D:1      | Setanta the Gnoll Fighter began the quest for the Orb.
     0 | D:1      | Reached XP level 1. HP: 23/23 MP: 1/1
    48 | D:1      | Found a faded altar of an unknown god.
   177 | D:1      | Reached XP level 2. HP: 27/29 MP: 2/2
   550 | D:2      | Noticed Terence
   563 | D:2      | Killed Terence
   564 | D:2      | Reached skill level 1 in Short Blades
   564 | D:2      | Reached skill level 1 in Long Blades
   564 | D:2      | Reached skill level 1 in Maces & Flails
   564 | D:2      | Reached skill level 1 in Polearms
   564 | D:2      | Reached skill level 1 in Staves
   564 | D:2      | Reached skill level 1 in Ranged Weapons
   564 | D:2      | Reached skill level 1 in Throwing
   564 | D:2      | Reached skill level 1 in Dodging
   564 | D:2      | Reached skill level 1 in Stealth
   564 | D:2      | Reached skill level 1 in Unarmed Combat
   564 | D:2      | Reached skill level 1 in Spellcasting
   564 | D:2      | Reached skill level 1 in Invocations
   564 | D:2      | Reached skill level 1 in Evocations
   564 | D:2      | Reached XP level 3. HP: 24/35 MP: 2/4
   720 | D:2      | Reached skill level 1 in Shapeshifting
   720 | D:2      | Reached XP level 4. HP: 41/41 MP: 5/5
   781 | D:2      | Found Tin Cusch's Magic Scroll Emporium.
  1111 | D:2      | Reached skill level 1 in Conjurations
  1111 | D:2      | Reached skill level 1 in Hexes
  1111 | D:2      | Reached skill level 1 in Summonings
  1111 | D:2      | Reached skill level 1 in Necromancy
  1111 | D:2      | Reached skill level 1 in Translocations
  1111 | D:2      | Reached skill level 1 in Fire Magic
  1111 | D:2      | Reached skill level 1 in Ice Magic
  1111 | D:2      | Reached skill level 1 in Air Magic
  1111 | D:2      | Reached skill level 1 in Earth Magic
  1111 | D:2      | Reached skill level 1 in Alchemy
  2136 | D:3      | Found an iron altar of Okawaru.
  2403 | D:4      | Reached XP level 5. HP: 33/47 MP: 7/7
  2564 | D:4      | Noticed a phantom
  2574 | D:4      | Killed a phantom
  2575 | D:4      | Reached XP level 6. HP: 53/53 MP: 8/8
  2581 | D:4      | Noticed Grinder
  2591 | D:4      | Killed Grinder
  2592 | D:4      | Reached skill level 5 in Axes
  2592 | D:4      | Reached XP level 7. HP: 54/59 MP: 8/10
  2633 | D:4      | Found a shimmering blue altar of Sif Muna.
  3051 | D:5      | Entered Level 5 of the Dungeon
  3403 | D:5      | Reached XP level 8. HP: 59/67 MP: 12/12
  3784 | D:5      | Found a basalt altar of Yredelemnul.
  3785 | D:5      | Found a bloodstained altar of Trog.
  3817 | D:5      | Found a broken altar of Ashenzari.
  3864 | D:5      | Gained mutation: Your magical capacity is low. (-10% MP)
                  | [potion of mutation]
  3864 | D:5      | Gained mutation: You have large cloven feet. [potion of
                  | mutation]
  3901 | D:6      | Noticed a hornet
  3916 | D:6      | HP: 3/67 [hornet (9)]
  3916 | D:6      | Paralysed by a hornet for 1 turns
  3916 | D:6      | Mangled by a hornet

Illustrated notes

Levels and vault maps discovered:
D:1:      lightli_iron_boxes, layout_rooms, shapermc_ecumenical_altar_flowoftime
D:2:      minmay_skewed_foursquare, layout_basic, serial_shops, shop,
          uniq_terence
D:3:      layout_basic, lemuel_round_altar, serial_bayou_lagoon_a,
          grunt_ministairs_3
D:4:      nicolae_cairo_tiling_very_big, layout_basic,
          mainiacjoe_overflow_catwalk, feat_on_display, uniq_grinder
D:5:      layout_gridville, mainiacjoe_overflow_surrounded_room,
          chequers_temple_overflow_statue_of_worship
D:6:      layout_basic

Skill      XL: |  1  2  3  4  5  6  7  8 |
---------------+-------------------------+-----
Short Blades   | 1 2 3 |  3.4
Long Blades    | 1 2 3 |  3.4
Maces & Flails | 1 2 3 |  3.4
Polearms       | 1 2 3 |  3.4
Staves         | 1 2 3 |  3.4
Ranged Weapons | 1 2 3 |  3.4
Throwing       | 1 2 3 |  3.4
Dodging        | 1 2 3 |  3.4
Stealth        | 1 2 3 |  3.4
Unarmed Combat | 1 2 3 |  3.4
Spellcasting   | 1 2 3 |  3.4
Invocations    | 1 2 3 |  3.7
Evocations     | 1 2 3 |  3.4
Shapeshifting  | 1 2 3 |  3.1
Conjurations   | 1 2 |  2.7
Hexes          | 1 2 |  2.7
Summonings     | 1 2 |  2.7
Necromancy     | 1 2 |  2.7
Translocations | 1 2 |  2.7
Fire Magic     | 1 2 |  2.7
Ice Magic      | 1 2 |  2.7
Air Magic      | 1 2 |  2.7
Earth Magic    | 1 2 |  2.7
Alchemy        | 1 2 |  2.7
Axes           | 5 |  5.7
Fighting       | 7 |  7.4
Armour         | 7 |  7.4
Shields        | 7 |  7.4

Action                     |  1- 3 |  4- 6 |  7- 9 || total
---------------------------+-------+-------+-------++-------
  Melee: War axe           |    85 |    88 |   147 ||   320
         Bite              |     5 |     9 |    11 ||    25
         Kick              |       |       |     1 ||     1
  Throw: Dart              |       |     3 |       ||     3
    Use: Scroll            |     1 |     7 |     4 ||    12
         Potion            |       |     5 |     5 ||    10
 Armour: Scale mail        |    72 |    55 |   205 ||   332
  Dodge: Dodged            |    41 |    31 |   133 ||   205
  Block: Buckler           |    30 |    22 |    58 ||   110
